 Dungeon Crawl Stone Soup version 0.31-a0-971-g75a2e9a4b4 (webtiles) character file.

Game seed: 4053227212794325575

142571 RepHenryClay the Tortoise (level 16, -5/155 HPs)
             Began as an Armataur Fighter on Oct 28, 2023.
             Was an Initiate of Gozag.
             Slain by an eight-headed hydra (11 damage)
             ... on level 4 of the Swamp.
             The game lasted 00:58:57 (28507 turns).

RepHenryClay the Tortoise (Armataur Fighter)       Turns: 28507, Time: 00:58:58

Health: -5/155     AC: 31    Str: 31    XL:     16   Next: 80%
Magic:  16/16      EV: 11    Int:  9    God:    Gozag
Gold:   4733       SH: 27    Dex: 12    Spells: 15/15 levels left

rFire   + + .        r - +5 eveningstar (freeze)
rCold   . . .        b - +8 tower shield "Irropaiw" {*Slow Will+ rCorr Str+4}
rNeg    + . .        n - +3 chain mail {rPois}
rPois   +            H - +0 helmet
rElec   +            R - +2 cloak {rCorr}
rCorr   +            A - +1 pair of gloves
SInv    .            e - +0 barding {Stlth+}
Will    ++...        Q - amulet "Seidum" {RegenMP rElec rF+} Stlth
                     E - +5 ring of evasion
HPRegen 0.45/turn    K - ring "Pyustia" {Fly rF+ rN+ rCorr}
MPRegen 0.55/turn

%: slow self (1%), roll
@: gold aura, flying, slowed, very slow
A: large, rugged brown scales 3, deformed body, armoured tail, roll, long
tongue, awkward tongue
a: Renounce Religion, Potion Petition, Call Merchant, Bribe Branch


You were on level 4 of the Swamp.
You worshipped Gozag.
Gozag was most pleased with you.
You visited 5 branches of the dungeon, and saw 27 of its levels.
You visited 1 bazaar.

You collected 8208 gold pieces.
You spent 3407 gold pieces at shops.
You paid 68 gold pieces to Gozag.

Inventory:

Hand Weapons
 c - a +2 morningstar of protection
 h - a +5 demon trident
 r - a +5 eveningstar of freezing (weapon)
 O - a -2 demon whip of venom
Missiles
 F - 27 poisoned darts (quivered)
 L - 2 curare-tipped darts
 N - 8 throwing nets
Armour
 b - the +8 tower shield "Irropaiw" (worn) {*Slow Will+ rCorr Str+4}
   (You acquired it on level 8 of the Dungeon)

   Str+4:     It affects your strength (+4).
   Will+:     It increases your willpower.
   rCorr:     It protects you from acid and corrosion.
   *Slow:     It may slow you when you take damage.
 d - the +4 plate armour of Garigeelux {rCorr Dex+3 Slay+2 Stlth-}
   (You found it on level 3 of the Dungeon)

   Dex+3:     It affects your dexterity (+3).
   Slay+2:    It affects your accuracy & damage with ranged weapons and melee
   (+2).
   rCorr:     It protects you from acid and corrosion.
   Stlth-:    It makes you less stealthy.
 e - a +0 barding of stealth (worn)
 n - a +3 chain mail of poison resistance (worn)
 x - a +2 chain mail of cold resistance
 A - a +1 pair of gloves (worn)
 H - a +0 helmet (worn)
 R - a +2 cloak of preservation (worn)
Jewellery
 j - a ring of poison resistance
 p - a +4 ring of slaying
 E - a +5 ring of evasion (left hand)
 K - the ring "Pyustia" (right hand) {Fly rF+ rN+ rCorr}
   (You bought it in a shop on level 2 of the Orcish Mines)

   [ring of protection from fire]

   rF+:       It protects you from fire.
   rN+:       It protects you from negative energy.
   Fly:       It grants you flight.
   rCorr:     It protects you from acid and corrosion.
 P - a ring of protection from cold
 Q - the amulet "Seidum" (around neck) {RegenMP rElec rF+}
   (You bought it in a shop on level 6 of the Dungeon)

   [amulet of magic regeneration]

   RegenMP:   It increases your rate of magic regeneration.
   rF+:       It protects you from fire.
   rElec:     It insulates you from electricity.
 S - a +4 ring of protection
 T - a +4 ring of protection
 Y - a ring of see invisible
Wands
 g - a wand of iceblast (5)
 l - a wand of flame (52)
 J - a wand of light (2)
 V - a wand of mindburst (11)
 W - a wand of charming (7)
 X - a wand of polymorph (5)
Scrolls
 f - 2 scrolls of poison
 i - 7 scrolls of fog
 m - 6 scrolls of enchant armour
 o - 5 scrolls of teleportation
 q - 2 scrolls of summoning
 s - 3 scrolls of revelation
 u - 3 scrolls of immolation
 y - 3 scrolls of blinking
 G - 3 scrolls of identify {@r1}
 M - 3 scrolls of amnesia
Potions
 a - 10 potions of ambrosia
 k - 10 potions of curing
 t - 2 potions of resistance
 v - a potion of attraction
 w - a potion of mutation
 z - 4 potions of might
 B - 3 potions of magic
 C - a potion of enlightenment
 D - a potion of invisibility
 U - 4 potions of brilliance
Miscellaneous
 Z - a lightning rod (4/4)


   Skills:
 + Level 13.8 Fighting
 - Level 16.0 Maces & Flails
 + Level 17.5 Armour
 - Level 5.0 Dodging
 + Level 16.1 Shields


You had 15 spell levels left.
You didn't know any spells.
Your spell library contained the following spells:

 Spells                   Type           Power      Damage    Failure   Level
 Freeze                   Ice            0%         1d3       88%         1
 Kiss of Death            Conj/Necr      0%         2d5       88%         1
 Sting                    Tmut/Pois      0%         1d3       88%         1
 Cigotuvi's Dreadful Rot  Necr/Pois/Air  0%         N/A       96%         2
 Poisonous Vapours        Pois/Air       0%         N/A       96%         2
 Call Canine Familiar     Summ           0%         N/A       99%         3
 Confusing Touch          Hex            0%         N/A       99%         3
 Dazzling Flash           Conj/Hex       0%         N/A       99%         3
 Frozen Ramparts          Ice            0%         1d1       99%         3
 Gell's Gravitas          Tloc           0%         N/A       99%         3
 Hailstorm                Conj/Ice       0%         3d3       99%         3
 Ignite Poison            Fire/Tmut/Pois 0%         N/A       99%         3
 Inner Flame              Hex/Fire       0%         N/A       99%         3
 Sigil of Binding         Hex            0%         N/A       99%         3
 Teleport Other           Tloc           0%         N/A       99%         3
 Animate Armour           Summ/Erth      0%         N/A       100%        4
 Dimensional Bullseye     Hex/Tloc       0%         N/A       100%        4
 Dispel Undead            Necr           0%         3d6       100%        4
 Flame Wave               Conj/Fire      0%         2d4       100%        4
 Leda's Liquefaction      Hex/Erth       0%         N/A       100%        4
 Olgreb's Toxic Radiance  Pois           0%         N/A       100%        4
 Sticky Flame             Conj/Fire      0%         2d3       100%        4
 Summon Lightning Spire   Summ/Air       0%         N/A       100%        4
 Agony                    Necr           0%         N/A       100%        5
 Borgnjor's Vile Clutch   Necr/Erth      0%         N/A       100%        5
 Freezing Cloud           Conj/Ice/Air   0%         6-21      100%        5
 Lee's Rapid Deconstruct  Erth           0%         3d4*      100%        5
 Silence                  Hex/Air        0%         N/A       100%        5
 Summon Forest            Summ/Tloc      0%         N/A       100%        5
 Summon Mana Viper        Hex/Summ       0%         N/A       100%        5
 Death Channel            Necr           0%         N/A       100%        6
 Dispersal                Tloc           0%         N/A       100%        6
 Summon Cactus Giant      Summ           0%         N/A       100%        6
 Ignition                 Fire           0%         3d3       100%        8
 Animate Dead             Necr           Unusable   N/A       N/A         4

Dungeon Overview and Level Annotations

Branches:
Dungeon (15/15)            Temple (1/1) D:7            Lair (5/5) D:10
  Swamp (4/4) Lair:3        Snake (0/4) Lair:2        Slime (0/5) Lair:4
    Orc (2/2) D:10            Elf (0/3) Orc:2        Vaults (0/5) D:13
 Depths (0/4) D:15

Altars:
Ashenzari
Cheibriados
Dithmenos
Elyvilon
Fedhas
Gozag
Hepliaklqana
Kikubaaqudgha
Makhleb
Nemelex Xobeh
Okawaru
Qazlal
Ru
Sif Muna
Trog
Uskayaw
Vehumet
Wu Jian
Xom
Yredelemnul
Zin
The Shining One

Shops:
D:6 =:   D:11 [   D:14 =   D:15 =   Orc:1 (   Orc:2 =([*[

Portals:
Trove: D:13 (give +3 shadow dragon scales)

Annotations:
D:6 good art, 5 runed translucent doors
D:15 good ring
Lair:4 2 transporters, Gormless's ghost, journeyman DrMo


Innate Abilities, Weirdness & Mutations

You are completely covered in rugged brown scales. (AC +3, +7% HP)
Armour fits poorly on your strangely shaped body.
You have a long armoured tail.
You roll when moving toward enemies. (Rampage)
Your long tongue fully drains potion bottles. (2x potion effects)
Your tongue gives you trouble enunciating. (1.5x scroll delay)


Message History

You hear a shout!
A spriggan druid comes into view. It is wielding a +0 quarterstaff.
A spriggan rider comes into view. It is wielding a +0 spear.
A thorn hunter comes into view.
A swamp drake comes into view.
The bunyip howls a warning cry!
The ghost crab breathes spectral mist at you.
The spectral mist engulfs you but does no damage.
The ghost crab breathes spectral mist at you.
The spectral mist engulfs the eight-headed hydra but does no damage.
The spriggan rider shouts!
You hear a shout! x2
Okay, then.
As you slowly read the scroll of fear, it crumbles to dust.
You assume a fearsome visage.
The swamp drake looks frightened!
The spectral fenstrider witch is unaffected.
The thorn hunter is unaffected.
The eight-headed hydra resists with some effort.
The spriggan druid resists with almost no effort.
The ghost crab is unaffected.
The spriggan rider looks frightened!
The bunyip resists with almost no effort.
You are engulfed in spectral mist.
The spriggan rider is distracted by your dazzling golden aura.
The eight-headed hydra is engulfed in spectral mist.
The eight-headed hydra bites you.
* * * LOW HITPOINT WARNING * * *
The eight-headed hydra bites you!
* * * LOW HITPOINT WARNING * * *
The eight-headed hydra bites you but does no damage.
You block the eight-headed hydra's attack. x5
The bunyip is engulfed in spectral mist.
The ghost crab breathes spectral mist at you.
The spectral mist engulfs the eight-headed hydra but does no damage.
The eight-headed hydra is engulfed in spectral mist.
The eight-headed hydra bites you.
* * * LOW HITPOINT WARNING * * *
The eight-headed hydra bites you but does no damage.
The eight-headed hydra misses you.
The eight-headed hydra bites you but does no damage. x3
The eight-headed hydra bites you!
You die...
Your body crumbles into a pile of gold.

.♣.~.~..k~~....
~.~.~~..~~~.~..
~♣..~.~~...t... ♣♣♣.
.~.§~....i○..~. ♣♣..~.
....☼§§○.i.~. ♣.~~~~....
♣♣.☼°☼Z§○.~.. §~~~~~~~.♣
♣..~x○D○§.~f. ~~~~~~~~.♣
♣♣.~~☼@♣
~~~~~~~~.♣~~.~.♣♣○○......
§~§......~~♣♣ ..#♣...~§
~~~♣ ..~♣ ###.## ~~~~
..♣♣♣♣w.#####.≈≈.. ~..
.♣♣♣§.♣###....~≈.. ~~
♣♣♣~xD##......≈~≈. .
♣~.~.ii.i.$.≈≈≈≈≈≈
♣.~.♣$.##.$≈≈≈≈≈≈.


You could see a thorn hunter, a bunyip, an eight-headed hydra, a spriggan rider
(fleeing), a ghost crab, a spriggan druid, a spectral fenstrider witch
(summoned) and a swamp drake (fleeing).

Vanquished Creatures
  Saint Roka (Orc:1)
  Jorgrun (Swamp:1)
  Rupert (D:13)
  Frances (D:12)
  2 thorn hunters
  5 orc warlords
  Nessos (D:12)
  2 eleionomae (Swamp:2)
  4 bunyips
  A quicksilver dragon zombie (D:15)
  Harold (D:9)
  7 alligators
  12 hydras
  Fannar (D:12)
  An ogre mage (Orc:1)
  A death knight (D:15)
  7 centaur warriors
  7 two-headed ogres
  A merfolk avatar (Lair:5)
  A tengu warrior (D:15)
  3 death yaks (D:10)
  A vampire mage (D:14)
  Urug (D:12)
  Nergalle (Orc:2)
  3 orc high priests
  Amaemon (D:9)
  8 spriggans
  A storm dragon zombie (D:15)
  A skyshark (Lair:4)
  6 goliath frogs
  7 skeletal warriors
  A sea snake (Lair:4)
  4 spriggan druids
  9 swamp dragons
  An arcanist (D:15)
  6 bog bodies
  5 orc sorcerers
  A necromancer (D:15)
  2 phantasmal warriors (D:15)
  13 orc knights
  3 deep elf pyromancers
  15 ugly things
  Pikel (D:8)
  4 will-o-the-wisps
  A salamander (shapeshifter) (D:13)
  4 manticores
  9 elephants (Lair:5)
  2 cyclopes
  A centaur zombie (D:13)
  7 black mambas
  Maurice (D:8)
  12 cane toads
  Joseph (D:8)
  An orange demon (D:9)
  2 kobold demonologists (D:11)
  3 efreet
  A freezing wraith (D:15)
  7 komodo dragons
  A tengu conjurer (D:15)
  3 polar bears
  6 tyrant leeches
  A bloated husk (Swamp:1)
  A troll (shapeshifter) (D:14)
  8 trolls
  3 meliai (Lair:4)
  A queen bee (Lair:4)
  A wind drake (Lair:5)
  A polar bear (shapeshifter) (D:14)
  8 hornets
  A meliai zombie (D:13)
  23 blink frogs
  2 snapping turtles (Lair:5)
  A shadow (D:12)
  12 slime creatures
  2 wraiths
  38 yaks
  A spriggan skeleton (D:15)
  8 wyverns
  Eustachio (D:5)
  16 humans
  Grum (D:8)
  3 basilisks
  A steam dragon (D:9)
  3 vampire mosquitoes (Swamp:2)
  3 nagas (Lair:2)
  9 wargs
  11 swamp worms
  17 water moccasins
  3 acid dragons
  9 swamp drakes
  41 orc warriors
  Pargi (D:3)
  4 black bears
  12 ogres
  20 wolves
  3 centaurs
  2 phantoms
  A lemure (D:8)
  3 kobold brigands
  9 bullfrogs
  Blork the orc (Orc:2)
  2 gnoll sergeants (D:9)
  4 scorpions
  3 wights (D:8)
  32 killer bees
  11 howler monkeys
  4 hounds
  21 orc priests
  5 jellies
  A sleepcap (D:5)
  2 iguanas
  Terence (D:2)
  3 gnoll boudas
  29 orc wizards
  2 hell rats (D:10)
  Robin (D:2)
  18 gnolls
  5 adders
  A shadow imp (D:8)
  2 ufetubi (D:5)
  2 worms
  A dart slug (D:2)
  76 orcs
  11 bats
  6 endoplasms
  6 giant cockroaches
  11 goblins
  12 hobgoblins
  12 kobolds
  4 quokkas
  7 ball pythons
  4 frilled lizards
  4 rats
807 creatures vanquished.

Vanquished Creatures (collateral kills)
  An orc (Orc:1)
1 creature vanquished.

Vanquished Creatures (others)
  A swamp dragon (Swamp:4)
  An arcanist (D:7)
  3 bloated husks
  An orc warrior (Orc:1)
  An orc wizard (Orc:2)
  A butterfly (D:5)
  12 foxfires
20 creatures vanquished.

Grand Total: 828 creatures vanquished

Notes
Turn   | Place    | Note
-------+----------+-------------------------------------------
     0 | D:1      | RepHenryClay the Armataur Fighter began the quest for the
                  | Orb.
     0 | D:1      | Reached XP level 1. HP: 19/19 MP: 1/1
    39 | D:1      | Reached XP level 2. HP: 22/26 MP: 2/2
    81 | D:1      | Found a faded altar of an unknown god.
   364 | D:1      | Reached skill level 4 in Armour
   821 | D:2      | Reached XP level 3. HP: 32/32 MP: 3/3
   856 | D:2      | Noticed Robin
  1093 | D:2      | Noticed Terence
  1102 | D:2      | Killed Terence
  1103 | D:2      | Reached XP level 4. HP: 39/39 MP: 4/4
  1258 | D:2      | Killed Robin
  1916 | D:3      | Noticed Pargi
  1955 | D:3      | Killed Pargi
  1956 | D:3      | Reached XP level 5. HP: 43/44 MP: 5/5
  2093 | D:3      | Identified the +4 plate armour of Garigeelux {rCorr Dex+3
                  | Slay+2 Stlth-}
  2301 | D:3      | Found a shimmering altar of Xom.
  2304 | D:3      | Found an iron altar of Okawaru.
  2307 | D:3      | Found a stormy altar of Qazlal.
  2445 | D:3      | Reached skill level 5 in Armour
  2667 | D:4      | Reached XP level 6. HP: 51/53 MP: 6/6
  3158 | D:5      | Entered Level 5 of the Dungeon
  3170 | D:5      | Reached skill level 5 in Shields
  3176 | D:5      | Reached skill level 5 in Maces & Flails
  3182 | D:5      | Reached XP level 7. HP: 59/59 MP: 7/7
  3442 | D:5      | Found a white marble altar of Elyvilon.
  3490 | D:5      | Noticed Eustachio
  3508 | D:5      | Killed Eustachio
  3509 | D:5      | Reached skill level 6 in Armour
  4308 | D:6      | Noticed a redback
  4375 | D:6      | Reached XP level 8. HP: 63/66 MP: 8/8
  4471 | D:6      | Found Paonerch's Tiny Tomes.
  4588 | D:6      | Found Rolobup's Jewellery Boutique.
  4606 | D:6      | Reached skill level 7 in Armour
  4670 | D:6      | Found a runed translucent gate.
  4675 | D:6      | Found a runed translucent door.
  4787 | D:6      | Found a runed translucent gate.
  4787 | D:6      | Found a runed translucent gate.
  4795 | D:6      | Found a runed translucent door.
  4802 | D:6      | Found the +9 staff of Olgreb {rPois∞}
  5043 | D:7      | Found a staircase to the Ecumenical Temple.
  5054 | D:7      | Noticed a two-headed ogre
  5056 | Temple   | Entered the Ecumenical Temple
  5057 | Temple   | Upgraded the game from 0.31-a0-968-g24f9ace8b5 to
                  | 0.31-a0-971-g75a2e9a4b4
  5066 | D:7      | Killed a two-headed ogre
  5067 | D:7      | Reached skill level 8 in Armour
  5067 | D:7      | Reached XP level 9. HP: 22/72 MP: 9/9
  5075 | Temple   | Became a worshipper of Gozag Ym Sagoz the Greedy
  5504 | D:7      | Found a bloodstained altar of Trog.
  5507 | D:7      | Noticed an arcanist
  5513 | D:7      | Killed an arcanist
  6027 | D:7      | Found a basalt altar of Yredelemnul.
  6033 | D:7      | Found a glowing golden altar of the Shining One.
  6035 | D:7      | Noticed an angel
  6234 | D:8      | Found a shimmering blue altar of Sif Muna.
  6316 | D:8      | Noticed Joseph
  6330 | D:8      | Killed Joseph
  6334 | D:8      | Identified a scroll of acquirement
  6336 | D:8      | Acquired the +8 tower shield "Irropaiw" {*Slow Will+ rCorr
                  | Str+4}
  6471 | D:8      | Reached skill level 9 in Armour
  6568 | D:8      | Noticed Grum
  6578 | D:8      | Killed Grum
  6593 | D:8      | Reached XP level 10. HP: 57/79 MP: 10/10
  6979 | D:8      | Noticed Maurice
  7008 | D:8      | Killed Maurice
  7009 | D:8      | Reached skill level 10 in Maces & Flails
  7040 | D:8      | Reached skill level 10 in Armour
  7098 | D:8      | Found a glowing silver altar of Zin.
  7101 | D:8      | Noticed Pikel
  7120 | D:8      | Killed Pikel
  7585 | D:8      | Found a broken altar of Ashenzari.
  7586 | D:8      | Found an ornate altar of the Wu Jian Council.
  8167 | D:9      | Identified the +9 spear of Eternal Night {drain, rPois rF++
                  | rN+ Dex-3}
  8176 | D:9      | Noticed Amaemon
  8176 | D:9      | Noticed an orange demon
  8214 | D:9      | Killed Amaemon
  8217 | D:9      | Killed an orange demon
  8393 | D:9      | Noticed Harold
  8406 | D:9      | Killed Harold
  8407 | D:9      | Reached XP level 11. HP: 86/86 MP: 11/11
  8492 | D:9      | Noticed a two-headed ogre
  8497 | D:9      | Killed a two-headed ogre
  8735 | D:10     | Entered Level 10 of the Dungeon
  8796 | D:10     | Reached skill level 5 in Fighting
  9179 | D:10     | Noticed a death yak
  9180 | D:10     | Noticed a death yak
  9195 | D:10     | Killed a death yak
  9206 | D:10     | Killed a death yak
  9235 | D:10     | Noticed a death yak
  9256 | D:10     | Killed a death yak
  9266 | D:10     | Found a staircase to the Lair.
  9582 | D:10     | Found a staircase to the Orcish Mines.
  9642 | D:11     | You fall into a shaft and drop 3 floors!
  9711 | D:14     | Noticed a green ugly thing
  9711 | D:14     | Noticed a green ugly thing
  9733 | D:13     | Noticed a white ugly thing
  9733 | D:13     | Noticed a deep elf pyromancer
  9748 | D:13     | Found a gate to the Vaults.
  9748 | D:13     | Noticed Rupert
  9951 | D:12     | Noticed a deep elf pyromancer
  9962 | D:12     | Killed a deep elf pyromancer
 10002 | D:12     | Noticed Urug
 10017 | D:12     | Killed Urug
 10047 | D:12     | Noticed Fannar
 10205 | D:11     | Reached skill level 10 in Shields
 10358 | D:6      | Bought a ring of protection from cold for 325 gold pieces
 10358 | D:6      | Bought the amulet "Seidum" {RegenMP rElec rF+} for 663 gold
                  | pieces
 10484 | D:11     | Noticed a two-headed ogre
 10494 | D:11     | Killed a two-headed ogre
 10495 | D:11     | Reached skill level 11 in Armour
 10495 | D:11     | Reached XP level 12. HP: 76/110 MP: 12/12
 10601 | D:11     | Found Luackax's Armour Emporium.
 11180 | D:11     | Bought a +2 cloak of preservation for 322 gold pieces
 11294 | D:12     | Noticed Frances
 11306 | D:12     | Killed Frances
 11515 | D:12     | Noticed a two-headed ogre
 11528 | D:12     | Killed a two-headed ogre
 11697 | D:12     | Found a gateway to a bazaar.
 11742 | D:12     | Killed Fannar
 11743 | D:12     | Reached skill level 12 in Armour
 12211 | Lair:1   | Entered Level 1 of the Lair of Beasts
 12845 | Lair:1   | Reached skill level 10 in Fighting
 13335 | Lair:2   | Reached skill level 13 in Armour
 13508 | Lair:2   | Reached XP level 13. HP: 114/120 MP: 13/13
 13759 | Lair:2   | Found a staircase to the Snake Pit.
 13886 | Lair:2   | Found an iron altar of Okawaru.
 14777 | Lair:3   | Found a hide-covered altar of Uskayaw.
 14907 | Lair:3   | Found a staircase to the Swamp.
 15284 | Lair:4   | Reached skill level 14 in Armour
 15672 | Lair:4   | Found a transporter.
 15975 | Lair:4   | Found a staircase to the Slime Pits.
 16131 | Lair:4   | Noticed Gormless's ghost (journeyman DrMo)
 16176 | Lair:4   | Found a transporter.
 16605 | Lair:5   | Entered Level 5 of the Lair of Beasts
 17020 | Lair:5   | Found the +7 captain's cutlass {speed, disarm}
 17030 | Lair:5   | Reached XP level 14. HP: 105/133 MP: 14/14
 17145 | Lair:5   | Reached skill level 15 in Armour
 18212 | Orc:1    | Entered Level 1 of the Orcish Mines
 18307 | Orc:1    | Found Tanememi's Antique Weapon Shoppe.
 18312 | Orc:1    | Bought a glowing morningstar for 161 gold pieces
 18425 | Orc:1    | Noticed an orc warlord
 18436 | Orc:1    | Killed an orc warlord
 18678 | Orc:2    | Entered Level 2 of the Orcish Mines
 19203 | Orc:2    | Noticed an orc warlord
 19297 | Orc:2    | Reached skill level 16 in Armour
 19546 | Orc:1    | Killed an orc warlord
 19579 | Orc:2    | Reached skill level 15 in Shields
 19599 | Orc:2    | Noticed Blork the orc
 19599 | Orc:2    | Noticed Saint Roka
 19611 | Orc:2    | Killed Blork the orc
 19720 | Orc:1    | Killed Saint Roka
 19958 | Orc:2    | Noticed Nergalle
 20032 | Orc:2    | Killed Nergalle
 20138 | Orc:2    | Found Elaishuy's Antique Armour Shop.
 20167 | Orc:2    | Found Icoth's Jewellery Shop.
 20195 | Orc:2    | Found Fano's Armour Emporium.
 20276 | Orc:2    | Noticed an orc warlord
 20277 | Orc:2    | Noticed an orc warlord
 20286 | Orc:2    | Paralysed by an orc sorcerer for 5 turns
 20486 | Orc:1    | Killed an orc warlord
 20487 | Orc:1    | Reached XP level 15. HP: 79/134 MP: 15/15
 20865 | Orc:2    | Found a staircase to the Elven Halls.
 21003 | Orc:2    | Found Uweereas's Antique Weapon Shop.
 21122 | Orc:2    | Bought a runed eveningstar for 288 gold pieces
 21339 | Orc:2    | Found Uhevvicw's General Store.
 21345 | Orc:2    | Bought a potion of berserk rage for 60 gold pieces
 21345 | Orc:2    | Bought a scroll of teleportation for 36 gold pieces
 21351 | Orc:2    | Bought a +1 pair of gloves for 138 gold pieces
 21497 | Orc:2    | Found a staircase to the Elven Halls.
 21539 | Orc:2    | Found Icoth's Jewellery Shop.
 21691 | Orc:2    | Found Uhevvicw's General Store.
 21718 | Orc:2    | Found Elaishuy's Antique Armour Shop.
 21726 | Orc:2    | Found Uweereas's Antique Weapon Shop.
 21983 | D:13     | Noticed Nessos
 22006 | D:12     | Killed Nessos
 22434 | D:13     | Killed Rupert
 22836 | D:13     | Found a portal to a secret trove of treasure.
 23018 | D:13     | Found a basalt altar of Yredelemnul.
 23623 | D:14     | Found Aruonob's Jewellery Boutique.
 23872 | D:15     | Entered Level 15 of the Dungeon
 23872 | D:15     | Found a staircase to the Depths.
 24624 | D:15     | Found Wiynnih's Jewellery Emporium.
 24788 | D:15     | Reached skill level 15 in Maces & Flails
 25306 | Bazaar   | Entered a bazaar
 25310 | Bazaar   | Found Pitsev's Assorted Antiques.
 25324 | Bazaar   | Found Damel's Armour Shop.
 25362 | Bazaar   | Found Agotiph's Magic Scroll Shop.
 25362 | Bazaar   | Found Digoakhla's General Store.
 25414 | Bazaar   | Bought a scroll of identify for 32 gold pieces
 25427 | Bazaar   | Bought a +0 barding of stealth for 420 gold pieces
 25444 | Bazaar   | Bought a scroll of teleportation for 27 gold pieces
 25444 | Bazaar   | Bought a scroll of enchant armour for 67 gold pieces
 25444 | Bazaar   | Bought a scroll of identify for 18 gold pieces
 25444 | Bazaar   | Bought 2 scrolls of fear for 72 gold pieces
 25450 | Bazaar   | Bought a scroll of blinking for 82 gold pieces
 25450 | Bazaar   | Bought a scroll of enchant weapon for 82 gold pieces
 25574 | Orc:2    | Bought the ring "Pyustia" {Fly rF+ rN+ rCorr} for 614 gold
                  | pieces
 25689 | Swamp:1  | Entered Level 1 of the Swamp
 25689 | Swamp:1  | Noticed Jorgrun
 25704 | Swamp:1  | Killed Jorgrun
 25705 | Swamp:1  | Reached XP level 16. HP: 154/154 MP: 16/16
 26450 | Swamp:2  | Reached skill level 1 in Dodging
 27313 | Swamp:3  | Noticed a thorn hunter
 27414 | Swamp:3  | Killed a thorn hunter
 27574 | Swamp:3  | Reached skill level 5 in Dodging
 27647 | Swamp:2  | Reached skill level 17 in Armour
 27958 | Swamp:4  | Entered Level 4 of the Swamp
 27995 | Swamp:4  | Noticed a thorn hunter
 28074 | Swamp:4  | Killed a thorn hunter
 28506 | Swamp:4  | Noticed a thorn hunter
 28507 | Swamp:4  | HP: 6/155 [eight-headed hydra (6)]
 28507 | Swamp:4  | Slain by an eight-headed hydra

Illustrated notes

Levels and vault maps discovered:
D:1:      roadster_arrival_rocket_large, layout_loops_cross,
          dreamdust_ecumenical_altar_grove
D:2:      layout_basic, minmay_unequal, uniq_terence, uniq_robin
D:3:      layout_loops_ring, minitemple, hangedman_decor_slide_cut, uniq_pargi
D:4:      layout_loops_ring
D:5:      layout_basic, nicolae_elyvilon_peaceful_grove, minmay_quadrilaterals,
          uniq_eustachio
D:6:      layout_rooms, serial_shops, shop, minmay_misc_feat_encased,
          roderic_batcave, nicolae_shop_i_like_small_books_too,
          supply_closet_lemuel, minmay_guarded_unrand_staff_of_olgreb
D:7:      layout_loops_ring, grunt_temple_overflow_holy_war, trog_wizard,
          minmay_temple_entry_gardened_gates
D:8:      layout_layer_cave, mainiacjoe_overflow_boulevard,
          mainiacjoe_overflow_paths, gammafunk_temple_overflow_pools, uniq_grum,
          uniq_maurice, uniq_joseph, uniq_pikel
D:9:      layout_cave_pools, uniq_harold, uniq_amaemon
D:10:     layout_loops_corners, dpeg_lair_monsters, orc_0_dummy
D:11:     layout_gridville, serial_shops, nicolae_shop_peninsula,
          lightli_fourway_metalbox
D:12:     layout_stronghold, serial_shops, bzr_entry_dummy, uniq_urug,
          uniq_frances, uniq_fannar
D:13:     layout_roguey, david_vaults_3, nicolae_trove_entry_free_sample,
          lemuel_zombie_altar_yredelemnul
D:14:     layout_roguey, serial_shops, nicolae_diamond_shop,
          kennysheep_big_empty_room
D:15:     gammafunk_depths_entry_grave, layout_loops_corners, serial_shops,
          nicolae_shop_rolling_square, roderic_lattice_a
Temple:   minmay_freezing_vapour_temple
Lair:1:   layout_roguey
Lair:2:   layout_chaotic_city, minmay_snake_entry_guardpost_small, basic_altar,
          nicolae_lair_grove_arrangements, grunt_megastairs_2
Lair:3:   layout_hall_layers, skrybe_swamp_entry_bodies, basic_altar,
          serial_bayou_shore_b
Lair:4:   layout_roguey [special_room_bee], minmay_slime_entry_pillars,
          nzn_ghost_randoct
Lair:5:   gammafunk_lair_ancient_temple, layout_gridlike
Swamp:1:  layout_basic_swamp, serial_swamp_ruin, evilmike_swamp_ruin_house_1,
          evilmike_swamp_ruin_house_3, evilmike_swamp_ruin_wall, swamp_pool1,
          uniq_jorgrun
Swamp:2:  layout_basic_swamp, nicolae_swamp_little_swirl, swamp_pool5,
          nicolae_swamp_alligator_family
Swamp:3:  layout_falls_marsh, nicolae_swamp_fairy_circle
Swamp:4:  swamp_alternative, layout_basic_swamp
Orc:1:    layout_diamond_mine, serial_shops, nicolae_shop_hallway_plus
Orc:2:    grunt_orc_cross, layout_caves, guppyfry_orc_lava_fort

Skill      XL: |  1  2  3  4  5  6  7  8  9 10 11 12 13 14 15 16 |
---------------+-------------------------------------------------+-----
Maces & Flails | 2 3 4 5 6 7 9 11 12 15 16 | 16.0
Armour         | 4 5 6 8 9 10 11 13 14 16 17 | 17.5
Shields        | 4 5 6 7 8 9 10 12 13 15 16 | 16.1
Fighting       | 8 10 11 13 | 13.8
Dodging        | 5 |  5.0

Action                     |  1- 3 |  4- 6 |  7- 9 | 10-12 | 13-15 | 16-18 || total
---------------------------+-------+-------+-------+-------+-------+-------++-------
  Melee: Flail             |   118 |   129 |   285 |   176 |       |       ||   708
         Tailslap          |     8 |    10 |    48 |   120 |   285 |    60 ||   531
         Demon whip        |       |       |       |   564 |  1139 |       ||  1703
         Eveningstar       |       |       |       |       |   370 |   369 ||   739
  Throw: Dart              |       |       |     7 |     9 |     6 |       ||    22
  Evoke: Wand              |       |       |    16 |     9 |     5 |       ||    30
         Lightning rod     |       |       |       |       |     4 |       ||     4
    Use: Potion            |       |     8 |     1 |     2 |     7 |       ||    18
         Scroll            |       |       |    10 |     8 |    13 |     3 ||    34
   Stab: Distracted        |       |       |     1 |       |    11 |     2 ||    14
         Invisible         |       |       |       |     6 |     9 |       ||    15
 Armour: Scale mail        |   104 |       |       |       |       |       ||   104
         Ring mail         |     2 |       |       |       |       |       ||     2
         Chain mail        |       |    80 |       |    31 |     1 |   240 ||   352
         Skin              |       |    62 |       |       |       |       ||    62
         Plate armour      |       |    42 |   248 |   142 |   527 |       ||   959
  Dodge: Dodged            |    67 |    38 |    82 |    80 |   273 |    77 ||   617
  Block: Buckler           |    26 |    34 |    79 |       |       |       ||   139
         Tower shield      |       |       |    56 |   560 |  1537 |   402 ||  2555

Table legend: (Time is in decaauts)
 A = Elapsed time spent in this place.
 B = Non-inter-level travel time spent in this place.
 C = Inter-level travel time spent in this place.
 D = Time resting spent in this place.
 E = Time spent auto-exploring this place.
 F = Levels seen in this place.
 G = Mean time per level.
                   A        B        C        D        E       F      G
               +--------+--------+--------+--------+--------+-----+--------+
         Total |  28030 |  26412 |   1618 |   2025 |  18818 |  28 | 1001.1 |
       Dungeon |  15779 |  14730 |   1049 |    791 |  10976 |  15 | 1051.9 |
        Temple |    155 |    151 |      4 |    142 |      0 |   1 |  155.0 |
          Lair |   5781 |   5527 |    254 |    368 |   4022 |   5 | 1156.2 |
         Swamp |   2719 |   2639 |     80 |     64 |   1959 |   4 |  679.8 |
  Orcish Mines |   3430 |   3201 |    229 |    660 |   1770 |   2 | 1715.0 |
        Bazaar |    164 |    164 |      0 |      0 |     91 |   1 |  164.0 |
               +--------+--------+--------+--------+--------+-----+--------+

Top non-repeatable levels by time:
   Orc:1: 1740 daAuts
   Orc:2: 1689 daAuts
     D:8: 1677 daAuts
  Lair:3: 1459 daAuts
    D:10: 1353 daAuts
    D:11: 1310 daAuts
  Lair:4: 1277 daAuts
    D:12: 1270 daAuts
  Lair:5: 1215 daAuts
     D:5: 1151 daAuts
    D:15: 1151 daAuts
    D:14: 1098 daAuts
     D:7: 1016 daAuts
 Swamp:2: 1010 daAuts
     D:9: 941 daAuts
